 Dungeon Crawl Stone Soup version 0.29.1-1-gd02db6906a (webtiles) character file.

Game seed: 17784333637369391041

305570 wingedge the Crack Shot (level 19, -12/182 HPs)
             Began as a Demigod Hunter on Oct 20, 2022.
             Mangled by a quicksilver ooze (14 damage)
             ... created by the Royal Jelly
             ... on level 5 of the Pits of Slime.
             The game lasted 03:26:58 (43949 turns).

wingedge the Crack Shot (Demigod Hunter)           Turns: 43949, Time: 03:26:58

Health: -12/182    AC: 23    Str: 22    XL:     19   Next: 50%
Magic:  25/26      EV: 46    Int: 12    God:
Gold:   757        SH:  0    Dex: 43    Spells: 22/22 levels left

rFire   . . .      SeeInvis +   a - +6 arbalest (flame)
rCold   + + .      Faith    .   (shield currently unavailable)
rNeg    + . .      Spirit   .   o - +3 ice dragon scales
rPois   .          Reflect  .   d - +3 crown of Dyrovepreva {rElec Int+2 SInv}
rElec   +          Harm     +   x - scarf {harm}
rCorr   +          Rampage  +   L - +2 pair of gloves
Will    ++...                   w - +2 pair of boots {rampage}
Stlth   ++........              i - amulet of the acrobat
HPRegen 0.40/turn               Y - ring "Saafudes" {Contam rF+ rN+ Will+ Str+3 Dex+6}
MPRegen 0.20/turn               E - ring of resist corrosion

@: mighty, corroded, acrobatic
A: high MP 1, forlorn, divine attributes, agile 1, MP-powered wands
}: 2/15 runes: serpentine, barnacled
a: no special abilities


You were on level 5 of the Pits of Slime.
You visited 7 branches of the dungeon, and saw 39 of its levels.
You visited 1 bazaar.
You also visited: Sewer and Gauntlet.

You collected 4249 gold pieces.
You spent 3492 gold pieces at shops.

Inventory:

Hand Weapons
 a - a +6 arbalest of flaming (weapon)
 b - the +9 dire flail of the Threshing Gods {vorpal, rN+ Will+}
   (You took it off an ogre on level 5 of the Dungeon)

   It inflicts extra damage upon your enemies.
   rN:        It protects you from negative energy.
   Will:      It increases your willpower.
 h - a +2 long sword of holy wrath
 n - the +6 long sword of Onnur {antimagic, rC+ Stlth+}
   (You found it on level 2 of the Snake Pit)

   It reduces the magical energy of the wielder, and disrupts the spells and
   magical abilities of those it strikes.
   Natural abilities and divine invocations are not affected.
   rC:        It protects you from cold.
   Stlth:     It makes you more stealthy.
Armour
 d - the +3 crown of Dyrovepreva (worn) {rElec Int+2 SInv}
   (You bought it in a shop on level 3 of the Dungeon)

   Int:       It affects your intelligence (+2).
   rElec:     It insulates you from electricity.
   SInv:      It lets you see invisible.
 o - +3 ice dragon scales (worn)
 w - a +2 pair of boots of rampaging (worn)
 x - a scarf of harm (worn)
 L - a +2 pair of gloves (worn)
 P - a +5 scale mail of cold resistance
 Q - a +2 kite shield
 Z - a +1 cloak of preservation
Magical Staves
 V - a staff of death
Jewellery
 f - a ring of flight
 i - an amulet of the acrobat (around neck)
 p - a ring of poison resistance
 v - a ring of positive energy
 z - the ring "Beytsa" {rElec Will+ Int+2}
   (You found it in a Gauntlet)

   [ring of willpower]

   Int:       It affects your intelligence (+2).
   rElec:     It insulates you from electricity.
   Will:      It increases your willpower.
 E - a ring of resist corrosion (right hand)
 I - a ring of ice
 K - a ring of fire
 M - a +4 ring of slaying
 U - the macabre finger necklace {rN+}
   (You found it on level 12 of the Dungeon)

   [amulet of nothing]

   It enables you to equip an extra ring.
   rN:        It protects you from negative energy.
 Y - the ring "Saafudes" (left hand) {Contam rF+ rN+ Will+ Str+3 Dex+6}
   (You took it off a minotaur in a Gauntlet)

   [ring of dexterity]

   Str:       It affects your strength (+3).
   Dex:       It affects your dexterity (+6).
   rF:        It protects you from fire.
   rN:        It protects you from negative energy.
   Contam:    It causes magical contamination when unequipped.
   Will:      It increases your willpower.
Wands
 g - a wand of paralysis (11)
 r - a wand of mindburst (22)
 J - a wand of light (19)
 O - a wand of iceblast (14)
 T - a wand of polymorph (4)
Scrolls
 c - 7 scrolls of magic mapping
 e - 7 scrolls of butterflies
 l - 10 scrolls of teleportation
 t - 2 scrolls of poison
 A - 5 scrolls of fear
Potions
 m - 6 potions of mutation
 q - 9 potions of brilliance
 s - 3 potions of ambrosia
 u - 4 potions of resistance
 y - 12 potions of curing
 B - 9 potions of flight
 F - 3 potions of cancellation
 G - a potion of invisibility
 N - a potion of lignification
 W - 3 potions of magic
 X - 2 potions of might
Miscellaneous
 C - a box of beasts (inert)
 D - a tin of tremorstones (1/2)
 R - a phial of floods
 S - a condenser vane (inert)


   Skills:
 - Level 19.0 Fighting
 - Level 1.0(2.6) Short Blades
 - Level 3.9(4.0) Long Blades
 - Level 22.0 Ranged Weapons
 - Level 13.0 Armour
 + Level 15.1 Dodging
 - Level 1.0 Stealth
 - Level 2.0 Spellcasting
 - Level 11.0 Evocations


You had 22 spell levels left.
You didn't know any spells.
Your spell library contained the following spells:

 Spells                   Type           Power      Damage    Failure   Level
 Freeze                   Ice            4%         1d3       54%         1
 Necrotise                Necr           4%         1d4       54%         1
 Sandblast                Erth           2%         2d4       54%         1
 Shock                    Conj/Air       4%         1d3       54%         1
 Ensorcelled Hibernation  Hex/Ice        2%         N/A       69%         2
 Passwall                 Tmut/Erth      0%         N/A       69%         2
 Static Discharge         Conj/Air       1%         3-4/arc   69%         2
 Dazzling Flash           Conj/Hex       2%         N/A       89%         3
 Frozen Ramparts          Ice            2%         1d1       89%         3
 Gell's Gravitas          Tloc           1%         N/A       89%         3
 Ignite Poison            Fire/Tmut/Pois 1%         N/A       89%         3
 Mephitic Cloud           Conj/Pois/Air  1%         N/A       89%         3
 Spider Form              Tmut/Pois      1%         N/A       89%         3
 Stone Arrow              Conj/Erth      2%         3d7       89%         3
 Teleport Other           Tloc           1%         N/A       89%         3
 Vampiric Draining        Necr           1%         2d6       89%         3
 Airstrike                Air            0%         2d(1-17)  100%        4
 Anguish                  Hex/Necr       0%         N/A       100%        4
 Animate Dead             Necr           1%         N/A       100%        4
 Dispel Undead            Necr           1%         3d6       100%        4
 Hailstorm                Conj/Ice       1%         3d3       100%        4
 Ice Form                 Ice/Tmut       1%         N/A       100%        4
 Iskenderun's Mystic Bla  Conj/Tloc      1%         2d3       100%        4
 Sticky Flame             Conj/Fire      1%         2d3       100%        4
 Summon Ice Beast         Ice/Summ       1%         N/A       100%        4
 Summon Lightning Spire   Summ/Air       1%         N/A       100%        4
 Agony                    Necr           1%         N/A       100%        5
 Borgnjor's Vile Clutch   Necr/Erth      0%         N/A       100%        5
 Freezing Cloud           Conj/Ice/Air   0%         6-21      100%        5
 Iskenderun's Battlesphe  Conj           1%         2d6       100%        5
 Lightning Bolt           Conj/Air       0%         1d11      100%        5
 Summon Mana Viper        Hex/Summ       1%         N/A       100%        5
 Death Channel            Necr           0%         N/A       100%        6
 Dispersal                Tloc           0%         N/A       100%        6
 Iron Shot                Conj/Erth      0%         9d1       100%        6
 Simulacrum               Ice/Necr       0%         N/A       100%        6
 Starburst                Conj/Fire      0%         6d3       100%        6
 Monstrous Menagerie      Summ           0%         N/A       100%        7
 Spellforged Servitor     Conj/Summ      0%         N/A       100%        7
 Borgnjor's Revivificati  Necr           0%         N/A       100%        8
 Necromutation            Tmut/Necr      0%         N/A       100%        8
 Death's Door             Necr           0%         N/A       100%        9


Dungeon Overview and Level Annotations

Branches:
Dungeon (15/15)            Temple (0/1) D:7            Lair (5/5) D:9
 Shoals (4/4) Lair:3        Snake (4/4) Lair:3        Slime (5/5) Lair:4
    Orc (2/2) D:9             Elf (0/3) Orc:2        Vaults (4/5) D:13
  Crypt (0/3) Vaults:3     Depths (0/4) D:15          Sewer (visited)
Gauntlet (visited)

Shops:
D:3 [   D:4 [!:*!   D:12 *   D:13 [   Orc:2 (=*=   Snake:2 ?=   Snake:3 [
Vaults:1 [

Portals:
Abyss: D:3

Annotations:
D:15 2 transporters, Bananafolds's ghost, adept NaVM
Snake:4 5 transporters, 2 runed translucent doors, XxsatanxX's ghost, adept MiBe
Slime:5 Royal Jelly


Innate Abilities, Weirdness & Mutations

You have an increased reservoir of magic. (+10% MP)
You shall have no god before yourself.
Your divine heritage dramatically boosts your attributes as you level up.
You are agile. (Dex +4, Str/Int -1)
You expend magic power (3 MP) to strengthen your wands.


Message History

The quicksilver ooze closely misses you.
The quicksilver ooze completely misses you.
The acid blob hits your large slime creature!!
Your large slime creature is splashed with acid.
The acid corrodes your large slime creature!
The rockslime hits you.
* * * LOW HITPOINT WARNING * * *
You hold your ground!
The azure jelly is struck by lightning.
The azure jelly completely misses you. x4
Unknown command.
Unknown command.
Unknown command.
Okay, then.
The azure jelly completely misses you. x2
The azure jelly hits you but does no damage.
The azure jelly completely misses you.
The Royal Jelly is struck by lightning.
The Royal Jelly shudders.
The Royal Jelly spits out another jelly.
The quicksilver ooze completely misses you. x2
The acid blob spits acid at you. The splash of acid misses you.
The splash of acid hits the azure jelly.
The azure jelly completely resists.
Your slime creature hits the azure jelly.
The azure jelly is struck by lightning.
The acid blob hits your large slime creature!!
Your large slime creature is splashed with acid.
Your large slime creature seems to be corroded for longer.
The rockslime is struck by lightning.
A great orb of eyes comes into view.
The rockslime completely misses you.
Your shining eye gazes at the azure jelly.
The azure jelly twists and deforms.
The azure jelly is struck by lightning.
The acid blob is struck by lightning.
The azure jelly completely misses you. x3
The azure jelly closely misses you.
The quicksilver ooze is struck by lightning.
The rockslime is no longer covered in acid.
The rockslime seems to regain its courage.
The quicksilver ooze hits you!
You die...

#### ##..# ####
##.§§J##...#
###..§J#J...###
#...§JJJJG§...#.
#...###...§JJJ@J§.....
##....#....§§JJJJ§.....
#.........J.§§§J§§.....
##..........J..§§§§.....
..^.....................
........................
........................
.................G......
........................


You could see the Royal Jelly, 4 acid blobs, 6 azure jellies, a great orb of
eyes, 3 rockslimes, 2 quicksilver oozes, a friendly large slime creature
(summoned, corroded), a friendly slime creature (summoned) and a friendly
shining eye (summoned).

Vanquished Creatures
  Dissolution (Slime:2)
  Nikola (Shoals:4)
  Jorgrun (Orc:2)
  3 krakens
  7 acid blobs
  Polyphemus (Shoals:4)
  2 sphinxes
  A tengu reaver (Vaults:3)
  2 rockslimes
  7 nagarajas
  Aizul (Snake:3)
  8 azure jellies
  A frost giant (Vaults:3)
  7 vault wardens
  An orc warlord (Vaults:3)
  8 ironbound preservers
  A ghoul (Vaults:3)
  7 ironbound thunderhulks
  A vampire knight (Vaults:3)
  3 quicksilver oozes
  6 very ugly things
  A minotaur (Gauntlet)
  Azrael (D:14)
  12 dire elephants
  An entropy weaver (Gauntlet)
  A fire dragon (Lair:5)
  6 yaktaur captains
  2 merfolk javelineers (Shoals:4)
  6 merfolk impalers
  A deep elf high priest (Vaults:3)
  A jiangshi (Vaults:3)
  5 great orbs of eyes
  5 hydras
  A vault guard (Vaults:2)
  The ghost of Buffagor the Cleaver, a journeyman DsBe of Trog (Lair:4)
  4 boulder beetles
  5 catoblepae
  2 merfolk avatars
  4 salamander tyrants (Snake:4)
  Erica (Lair:1)
  An ogre mage (D:13)
  8 anacondas
  12 centaur warriors
  A two-headed ogre (shapeshifter) (Vaults:3)
  3 two-headed ogres
  2 alligator snapping turtles
  8 ironbound frosthearts
  4 merfolk aquamancers
  2 alligators (Shoals:3)
  8 naga warriors
  An orc high priest (Orc:2)
  A titan zombie (D:15)
  2 tengu warriors
  5 shock serpents
  A vampire mage (D:15)
  12 naga sharpshooters
  4 death yaks
  Nergalle (Lair:1)
  Amaemon (Lair:1)
  21 deep trolls
  2 skeletal warriors (D:15)
  Lodul (D:10)
  2 salamander mystics
  6 naga ritualists
  16 sea snakes
  A spriggan simulacrum (D:15)
  A glowing orange brain (Vaults:3)
  15 lindwurms
  8 orc knights
  A wolf spider zombie (D:15)
  24 harpies
  7 wizards
  2 necromancers
  13 mana vipers
  A phantasmal warrior (Vaults:3)
  8 ironbound convokers
  A wolf spider (Gauntlet)
  An orc sorcerer (Orc:2)
  14 manticores
  28 ugly things
  6 fauns
  3 shining eyes (Slime:1)
  5 cyclopes
  5 salamanders
  An iron dragon skeleton (Vaults:4)
  A black mamba (shapeshifter) (D:15)
  10 water nymphs
  2 molten gargoyles (Lair:5)
  14 merfolk sirens
  A frost giant skeleton (D:15)
  A guardian serpent (Snake:4)
  11 elephants
  An orange demon (Lair:1)
  43 black mambas
  3 eyes of devastation (Slime:4)
  18 naga magi
  9 centaur zombies (D:15)
  Joseph (Lair:1)
  2 torpor snails (Lair:4)
  7 vault sentinels
  A gargoyle (D:11)
  An unseen horror (D:12)
  A rime drake (Lair:5)
  10 cane toads
  2 kobold demonologists (D:12)
  7 komodo dragons
  2 redback zombies (D:15)
  A spriggan zombie (D:15)
  A freezing wraith (D:15)
  31 yaktaurs
  A tengu conjurer (D:13)
  2 anaconda simulacra (D:15)
  15 merfolk
  A harpy zombie (D:15)
  5 wind drakes
  11 trolls
  A hornet (D:8)
  7 blink frogs
  8 dream sheep
  71 slime creatures
  14 snapping turtles
  5 wraiths
  A vampire (D:10)
  Sigmund (D:3)
  2 meliai zombies (D:15)
  A jumping spider (Gauntlet)
  6 wyverns
  3 shadows (Gauntlet)
  29 yaks
  3 water elementals
  Eustachio (D:5)
  3 basilisks
  4 steam dragons
  3 golden eyes (Slime:1)
  3 fire elementals (D:14)
  15 vampire mosquitoes
  A minotaur simulacrum (D:15)
  3 wargs
  A glowing shapeshifter zombie (D:15)
  6 hell hounds
  46 nagas
  A floating eye (shapeshifter) (Vaults:2)
  18 water moccasins
  44 orc warriors
  An ice beast (D:5)
  2 black bears
  13 ogres
  3 sky beasts
  6 boggarts
  The ghost of Buffagor the Chopper, an amateur DsBe of Trog (D:3)
  A human skeleton (Vaults:4)
  22 wolves
  17 centaurs
  A small abomination (D:3)
  3 phantoms
  6 kobold brigands
  13 bullfrogs
  A necrophage (D:5)
  2 scorpions
  A glowing shapeshifter simulacrum (Vaults:4)
  A gnoll sergeant (D:7)
  An ogre simulacrum (Vaults:3)
  3 deep troll simulacra (D:15)
  8 wights (D:9)
  7 killer bees
  3 howler monkeys (D:11)
  4 electric eels
  A lindwurm simulacrum (D:15)
  5 lava snakes (Lair:5)
  An iron imp (D:3)
  7 hounds
  18 orc priests
  A gnoll bouda (Orc:1)
  A boggart zombie (D:15)
  Ijyb (D:5)
  2 iguanas (D:5)
  20 orc wizards
  8 gnolls
  13 adders
  A shadow imp (D:3)
  5 white imps
  2 ufetubi
  4 worms
  4 dart slugs
  The ghost of Bombi the Sneak, a weakling SpDe (D:5)
  78 orcs
  6 bats
  3 endoplasms
  10 giant cockroaches
  5 goblins
  5 hobgoblins
  3 jackals (D:2)
  9 quokkas
  11 ball pythons
  8 frilled lizards
  10 kobolds
  4 rats
  2 tentacles
1286 creatures vanquished.

Vanquished Creatures (collateral kills)
  Saint Roka (Vaults:2)
  Donald (Shoals:2)
  An orc warlord (Orc:2)
  2 dire elephants (Vaults:2)
  2 orc sorcerers (Orc:2)
  An ugly thing (D:15)
  A snapping turtle (Shoals:2)
  A golden eye (Slime:5)
  3 orc warriors
  A centaur (Orc:2)
  A wolf (Lair:2)
  5 orcs
20 creatures vanquished.

Vanquished Creatures (others)
  2 orcs (Orc:2)
  13 fungi
  49 plants
  15 tentacles
  17 withered plants
96 creatures vanquished.

Grand Total: 1402 creatures vanquished

Notes
Turn   | Place    | Note
-------+----------+-------------------------------------------
     0 | D:1      | wingedge the Demigod Hunter began the quest for the Orb.
     0 | D:1      | Reached XP level 1. HP: 17/17 MP: 3/3
   117 | D:1      | Reached skill level 4 in Ranged Weapons
   151 | D:1      | Reached XP level 2. HP: 24/24 MP: 4/4
   453 | D:2      | Reached XP level 3. HP: 18/29 MP: 5/5
   751 | D:2      | Reached skill level 5 in Ranged Weapons
   861 | D:2      | Reached skill level 1 in Stealth
  1316 | D:2      | Reached XP level 4. HP: 35/36 MP: 6/6
  1446 | D:3      | Noticed Sigmund
  1831 | D:3      | Identified the +3 dagger of Kurr {antimagic, Will++ Int-2
                  | Stlth+}
  2020 | D:3      | Found a transporter.
  2024 | D:3      | Noticed a small abomination
  2032 | D:3      | Reached XP level 5. HP: 30/41 MP: 2/7
  2189 | D:3      | Found a transporter.
  2245 | D:3      | Reached skill level 6 in Ranged Weapons
  2287 | D:3      | Found Pezog's Antique Armour Emporium.
  2350 | D:3      | Killed Sigmund
  2351 | D:3      | Reached skill level 1 in Evocations
  2351 | D:3      | Reached XP level 6. HP: 50/50 MP: 2/8
  2437 | D:3      | Got Plato's Octavo of Damage Dealing
  2497 | D:3      | Noticed Buffagor's ghost (amateur DsBe)
  2765 | D:4      | Found Ridao's Armour Shop.
  2781 | D:4      | Found Nuchallu's Distillery.
  2785 | D:4      | Found Jieby's Book Emporium.
  2790 | D:4      | Bought a potion of curing for 39 gold pieces
  2813 | D:4      | Found Ateczuz's Assorted Antiques.
  2823 | D:4      | Reached skill level 1 in Short Blades
  2862 | D:4      | Found a glowing drain.
  2871 | Sewer    | Entered a sewer
  3357 | D:4      | Reached skill level 7 in Ranged Weapons
  3357 | D:4      | Reached XP level 7. HP: 57/57 MP: 9/9
  3983 | D:4      | Found Huodigot's Distillery.
  4056 | D:4      | Reached skill level 8 in Ranged Weapons
  4450 | D:5      | Entered Level 5 of the Dungeon
  4547 | D:5      | Identified the +9 dire flail of the Threshing Gods {vorpal,
                  | rN+ Will+}
  4548 | D:5      | Noticed Bombi's ghost (weakling SpDe)
  4565 | D:5      | Found a transporter.
  4645 | D:5      | Reached skill level 1 in Armour
  4645 | D:5      | Reached XP level 8. HP: 66/66 MP: 10/10
  4797 | D:5      | Noticed Ijyb
  4805 | D:5      | Killed Ijyb
  5161 | D:5      | Noticed Eustachio
  5174 | D:5      | Killed Eustachio
  5175 | D:5      | Reached skill level 5 in Fighting
  5430 | D:5      | Found a transporter.
  5656 | D:6      | Reached skill level 9 in Ranged Weapons
  6464 | D:7      | Reached skill level 10 in Ranged Weapons
  6464 | D:7      | Reached XP level 9. HP: 74/74 MP: 11/11
  6632 | D:7      | Noticed a six-headed hydra
  6637 | D:7      | HP: 1/74 [six-headed hydra (4)]
  6641 | D:7      | Killed a six-headed hydra
  6642 | D:7      | Reached skill level 11 in Ranged Weapons
  7153 | D:7      | Found a staircase to the Ecumenical Temple.
  7403 | D:8      | Noticed a two-headed ogre
  7409 | D:8      | Killed a two-headed ogre
  7410 | D:8      | Reached skill level 5 in Dodging
  7718 | D:8      | Reached XP level 10. HP: 83/83 MP: 13/13
  8359 | D:9      | Found a staircase to the Orcish Mines.
  8964 | D:9      | Found a staircase to the Lair.
  9031 | D:9      | Reached skill level 12 in Ranged Weapons
  9116 | D:9      | Identified 3 scrolls of acquirement
  9156 | D:9      | Acquired the ring "Asoowon" {Drain rPois Int+5}
  9159 | D:9      | Acquired a manual of Dodging
  9161 | D:9      | Acquired 822 gold pieces
  9269 | D:3      | Bought the +3 crown of Dyrovepreva {rElec Int+2 SInv} for
                  | 1076 gold pieces
  9269 | D:3      | Found the +3 crown of Dyrovepreva {rElec Int+2 SInv}
  9310 | D:4      | Bought a +3 scale mail of cold resistance for 260 gold
                  | pieces
  9905 | D:10     | Entered Level 10 of the Dungeon
  9985 | D:10     | Noticed Lodul
 10036 | D:10     | Reached XP level 11. HP: 75/89 MP: 14/14
 10072 | D:10     | Killed Lodul
 10073 | D:10     | Reached skill level 13 in Ranged Weapons
 10205 | D:4      | Bought a potion of haste for 130 gold pieces
 10205 | D:4      | Bought a potion of heal wounds for 65 gold pieces
 10205 | D:4      | Bought a potion of heal wounds for 65 gold pieces
 10322 | D:10     | Noticed a centaur warrior
 10335 | D:10     | Killed a centaur warrior
 11113 | Lair:1   | Entered Level 1 of the Lair of Beasts
 11120 | D:9      | Reached skill level 5 in Armour
 11182 | Lair:1   | Noticed Nergalle
 11239 | Lair:1   | Killed Nergalle
 11240 | Lair:1   | Reached skill level 10 in Dodging
 11336 | Lair:1   | Noticed Erica
 11342 | Lair:1   | Killed Erica
 11478 | Lair:1   | Noticed Amaemon
 11491 | Lair:1   | Killed Amaemon
 11804 | Lair:1   | Noticed Joseph
 11812 | Lair:1   | Killed Joseph
 11867 | Lair:1   | Identified the +1 tower shield of the Ward {rCorr}
 12158 | Lair:2   | Reached skill level 14 in Ranged Weapons
 12251 | Lair:2   | Noticed a boulder beetle
 12264 | Lair:2   | Killed a boulder beetle
 12265 | Lair:2   | Reached XP level 12. HP: 97/100 MP: 15/15
 12506 | Lair:2   | You fall into a shaft and drop 1 floor!
 12506 | Lair:3   | Found a staircase to the Snake Pit.
 12594 | Lair:3   | Found a staircase to the Shoals.
 13607 | Lair:3   | Noticed a catoblepas
 13614 | Lair:3   | Killed a catoblepas
 13721 | Lair:3   | Noticed a seven-headed hydra
 13729 | Lair:3   | Killed a seven-headed hydra
 14348 | Lair:4   | Found a staircase to the Slime Pits.
 14390 | Lair:4   | Found a runed translucent door.
 14390 | Lair:4   | Noticed Buffagor's ghost (journeyman DsBe)
 14446 | Lair:4   | Killed Buffagor's ghost
 14598 | Lair:4   | Noticed a catoblepas
 14608 | Lair:4   | Killed a catoblepas
 14609 | Lair:4   | Reached skill level 15 in Ranged Weapons
 14739 | Lair:4   | Noticed a four-headed hydra
 14746 | Lair:4   | Killed a four-headed hydra
 15284 | Lair:5   | Entered Level 5 of the Lair of Beasts
 15292 | Lair:5   | Noticed a catoblepas
 15312 | Lair:5   | Killed a catoblepas
 15390 | Lair:5   | Reached XP level 13. HP: 111/111 MP: 16/16
 15693 | Lair:5   | Found a large runed translucent door.
 15700 | Lair:5   | Found a large runed translucent door.
 16923 | Lair:5   | Reached skill level 16 in Ranged Weapons
 17421 | D:3      | Killed Buffagor's ghost
 17429 | D:3      | Found a one-way gate to the infinite horrors of the Abyss.
 17555 | D:5      | Killed Bombi's ghost
 17675 | Orc:1    | Entered Level 1 of the Orcish Mines
 18071 | Orc:2    | Entered Level 2 of the Orcish Mines
 18154 | Orc:2    | Found a runed translucent door.
 18208 | Orc:2    | Reached skill level 10 in Fighting
 18423 | Orc:2    | Found a staircase to the Elven Halls.
 18427 | Orc:2    | Noticed an orc warlord
 18470 | Orc:2    | Noticed Jorgrun
 18570 | Orc:2    | Killed Jorgrun
 18896 | Orc:2    | Killed an orc warlord
 19046 | Orc:2    | Found Goli's Jewellery Shoppe.
 19046 | Orc:2    | Found Ogitiwuu's General Store.
 19048 | Orc:2    | Found Ulyatosk's Jewellery Shop.
 19050 | Orc:2    | Found Essi Omoo's Antique Weapon Emporium.
 19061 | Orc:2    | Bought a scroll of identify for 36 gold pieces
 19061 | Orc:2    | Bought a scroll of identify for 36 gold pieces
 19061 | Orc:2    | Bought a scroll of identify for 36 gold pieces
 19283 | Orc:2    | Bought a +4 ring of slaying for 1092 gold pieces
 19401 | D:11     | Reached XP level 14. HP: 121/121 MP: 17/17
 19653 | D:12     | Reached skill level 17 in Ranged Weapons
 19815 | D:12     | Found Dumoh's Assorted Antiques.
 20110 | D:12     | Found the macabre finger necklace {rN+}
 20318 | D:13     | Found a gate to the Vaults.
 20858 | D:13     | Found Ilatwaob's Armour Shoppe.
 21410 | D:14     | Noticed Azrael
 21424 | D:14     | Killed Azrael
 21435 | D:14     | Reached skill level 5 in Evocations
 21532 | D:14     | Reached skill level 18 in Ranged Weapons
 21825 | D:15     | Entered Level 15 of the Dungeon
 21895 | D:15     | Found a frozen archway.
 21895 | D:15     | Found a gate leading to a gauntlet.
 21933 | Gauntlet | Entered a Gauntlet
 21933 | Gauntlet | Found a transporter.
 21933 | Gauntlet | Found a transporter.
 22113 | Gauntlet | Found a transporter.
 22122 | Gauntlet | Found a transporter.
 22139 | Gauntlet | Found a transporter.
 22155 | Gauntlet | Found a transporter.
 22167 | Gauntlet | Found a transporter.
 22170 | Gauntlet | Found a transporter.
 22262 | Gauntlet | Found a transporter.
 22275 | Gauntlet | Found a transporter.
 22281 | Gauntlet | Noticed a reaper
 22291 | Gauntlet | Found a transporter.
 22302 | Gauntlet | Found a transporter.
 22323 | Gauntlet | Found a transporter.
 22396 | Gauntlet | Found a transporter.
 22405 | Gauntlet | Found a transporter.
 22417 | Gauntlet | Found a transporter.
 22536 | Gauntlet | Identified the ring "Beytsa" {rElec Will+ Int+2}
 22567 | Gauntlet | Identified the amulet of Pysm {RegenMP Int+6}
 22629 | Gauntlet | Identified the ring "Saafudes" {Contam rF+ rN+ Will+ Str+3
                  | Dex+6}
 22904 | Orc:2    | Bought a ring of poison resistance for 280 gold pieces
 23097 | D:15     | Reached XP level 15. HP: 110/114 MP: 18/18
 23607 | D:15     | Found a transporter.
 23611 | D:15     | Noticed Bananafolds's ghost (adept NaVM)
 23612 | D:15     | Found a transporter.
 23652 | D:15     | Found a staircase to the Depths.
 24037 | Shoals:1 | Entered Level 1 of the Shoals
 25010 | Shoals:2 | Noticed Donald
 25556 | Shoals:2 | Killed Donald
 26076 | Shoals:2 | Noticed a kraken
 26081 | Shoals:2 | Killed a kraken
 26837 | Shoals:3 | Noticed a kraken
 26849 | Shoals:3 | Killed a kraken
 27776 | Shoals:3 | Reached XP level 16. HP: 146/146 MP: 19/19
 28014 | Shoals:4 | Entered Level 4 of the Shoals
 28024 | Shoals:4 | Noticed a kraken
 28371 | Shoals:4 | Noticed Polyphemus
 28383 | Shoals:3 | Reached skill level 10 in Armour
 28650 | Shoals:4 | Found a gateway to a bazaar.
 28656 | Bazaar   | Entered a bazaar
 28659 | Bazaar   | Found Ytat's Jewellery Shop.
 28678 | Bazaar   | Found Jetu's Assorted Antiques.
 28710 | Bazaar   | Found Pum Erat's Armour Shop.
 28710 | Bazaar   | Found Kaoheerch's Distillery.
 28741 | Bazaar   | Bought a +1 cloak of preservation for 198 gold pieces
 28747 | Bazaar   | Bought a potion of might for 52 gold pieces
 29367 | Shoals:4 | Killed Polyphemus
 29966 | Shoals:4 | Killed a kraken
 30056 | Shoals:4 | Got a barnacled rune of Zot
 30452 | Shoals:4 | Reached skill level 15 in Fighting
 30912 | Shoals:4 | Noticed Nikola
 30924 | Shoals:4 | Killed Nikola
 31594 | Snake:1  | Entered Level 1 of the Snake Pit
 31768 | Snake:1  | Gained mutation: You occasionally lose the ability to read
                  | scrolls when taking damage. [mutagenic glow]
 31769 | Snake:1  | Lost mutation: You occasionally lose the ability to read
                  | scrolls when taking damage. [potion of mutation]
 31769 | Snake:1  | Gained mutation: You have sharp toenails. [potion of
                  | mutation]
 31769 | Snake:1  | Gained mutation: You have a pair of small horns on your
                  | head. [potion of mutation]
 32460 | Snake:2  | Reached skill level 19 in Ranged Weapons
 32554 | Snake:2  | Found Hunowe Taamn's Magic Scroll Emporium.
 32561 | Snake:2  | Bought a scroll of blinking for 127 gold pieces
 32585 | Snake:2  | Found Wuakhlup's Jewellery Shoppe.
 32636 | Snake:2  | Identified the +6 long sword of Onnur {antimagic, rC+
                  | Stlth+}
 32649 | Snake:2  | Reached skill level 1 in Long Blades
 33132 | Snake:3  | Reached skill level 20 in Ranged Weapons
 33286 | Snake:3  | Reached XP level 17. HP: 156/156 MP: 20/20
 33385 | Snake:3  | Found Ijio's Antique Armour Boutique.
 33800 | Snake:3  | Noticed Aizul
 33805 | Snake:3  | Killed Aizul
 33955 | Snake:4  | Entered Level 4 of the Snake Pit
 33989 | Snake:4  | Found a transporter.
 33990 | Snake:4  | Found a transporter.
 34011 | Snake:4  | Found a transporter.
 34011 | Snake:4  | Found a transporter.
 34013 | Snake:4  | Reached skill level 21 in Ranged Weapons
 34379 | Snake:4  | Found a transporter.
 34383 | Snake:4  | Found a transporter.
 34855 | Snake:4  | Reached skill level 10 in Evocations
 34982 | Snake:4  | Got a serpentine rune of Zot
 35122 | Snake:4  | Found a large runed translucent door.
 35123 | Snake:4  | Found a large runed translucent door.
 35127 | Snake:4  | Noticed XxsatanxX's ghost (adept MiBe)
 35641 | Vaults:1 | Entered Level 1 of the Vaults
 35654 | Vaults:1 | Identified the +2 robe "Zauned" {-Cast Harm Fly rCorr}
 35684 | Vaults:1 | Found Huxkaruo's Armour Shop.
 36308 | Vaults:1 | Reached skill level 15 in Dodging
 37395 | Vaults:2 | Reached XP level 18. HP: 164/166 MP: 21/21
 37498 | Vaults:2 | Noticed Saint Roka
 37506 | Vaults:2 | Killed Saint Roka
 37997 | Vaults:2 | HP: 1/168 [centaur warrior/arrow (20)]
 39696 | Vaults:2 | Reached skill level 22 in Ranged Weapons
 40840 | Vaults:3 | Found a staircase to the Crypt.
 41152 | Vaults:3 | Identified the +11 flail "Weazy" {flame, rElec rPois Str+6
                  | Dex-4}
 42017 | Vaults:4 | Reached XP level 19. HP: 164/179 MP: 22/22
 42491 | Slime:1  | Entered Level 1 of the Pits of Slime
 42755 | Slime:1  | Gained mutation: You are frail. (-10% HP) [a shining eye]
 42757 | Slime:1  | Gained mutation: You are clumsy. (Dex -2) [a shining eye]
 42758 | Slime:1  | Gained mutation: Armour fits poorly on your strangely
                  | shaped body. [a shining eye]
 42880 | Slime:1  | Lost mutation: You are frail. (-10% HP) [potion of
                  | mutation]
 42880 | Slime:1  | Lost mutation: You have sharp toenails. [potion of
                  | mutation]
 42880 | Slime:1  | Gained mutation: You are weak. (Str -2) [potion of
                  | mutation]
 42880 | Slime:1  | Lost mutation: You are weak. (Str -2) [potion of mutation]
 42881 | Slime:1  | Lost mutation: You are clumsy. (Dex -2) [potion of
                  | mutation]
 42881 | Slime:1  | Lost mutation: Armour fits poorly on your strangely shaped
                  | body. [potion of mutation]
 42881 | Slime:1  | Lost mutation: You have a pair of small horns on your head.
                  | [potion of mutation]
 42881 | Slime:1  | Gained mutation: You expend magic power (3 MP) to
                  | strengthen your wands. [potion of mutation]
 42881 | Slime:1  | Gained mutation: You are occasionally teleported next to
                  | monsters. [potion of mutation]
 42882 | Slime:1  | Lost mutation: You expend magic power (3 MP) to strengthen
                  | your wands. [potion of mutation]
 42882 | Slime:1  | Lost mutation: You are occasionally teleported next to
                  | monsters. [potion of mutation]
 42882 | Slime:1  | Gained mutation: You are agile. (Dex +4, Str/Int -1)
                  | [potion of mutation]
 42882 | Slime:1  | Gained mutation: You expend magic power (3 MP) to
                  | strengthen your wands. [potion of mutation]
 42929 | Slime:2  | Noticed Dissolution
 42935 | Slime:2  | Killed Dissolution
 42936 | Slime:2  | Reached skill level 1 in Spellcasting
 43144 | Slime:3  | You fall into a shaft and drop 1 floor!
 43339 | Slime:5  | Entered Level 5 of the Pits of Slime
 43933 | Slime:5  | Noticed the Royal Jelly
 43947 | Slime:5  | HP: 7/182 [acid blob/splash of acid[the Royal Jelly] (3)]
 43947 | Slime:5  | HP: 1/182 [rockslime[the Royal Jelly] (6)]
 43949 | Slime:5  | Mangled by a quicksilver ooze

Illustrated notes

Levels and vault maps discovered:
D:1:      nagdon_arrival_zigzag_paths, layout_basic
D:2:      layout_loops_ring
D:3:      layout_rooms, serial_shops, shop, shapermc_ecumenical_altar_rom_forum,
          gammafunk_ghost_abyssal_escape, reono_crystal_passage, uniq_sigmund
D:4:      layout_cave_pools, serial_shops, shop, nicolae_shop_stone,
          nicolae_lakefront_shop, nicolae_shop_competitors_out_of_business,
          shop_statue, portal_sewer_entry_d, guppyfry_early_orc_mine
D:5:      layout_loops_cross, gammafunk_ghost_smash,
          dreamdust_princess_corridor, serial_bayou_crossing, uniq_ijyb,
          uniq_eustachio
D:6:      layout_cave_pools, minmay_misc_feat_alley
D:7:      layout_basic, temple_hall
D:8:      layout_cave_pods, nicolae_overflow_hidden_temple
D:9:      layout_basic, erik_lair_island, david_orc_3, grunt_ministairs_1
D:10:     layout_roguey, lemuel_doored_altar, nicolae_overflow_two_pavilions,
          kennysheep_generic_room_11, uniq_lodul
D:11:     layout_cross, fedhas_bush_and_centaur_altar
D:12:     layout_rooms, serial_shops, nicolae_shop_hallway_stairs
D:13:     layout_grid_maze, david_vaults_2, serial_shops,
          nicolae_inconvenience_store, kennysheep_nondescript
D:14:     layout_basic, chequers_mini_garden, uniq_azrael
D:15:     gammafunk_depths_entry_grave, layout_rooms, gammafunk_ghost_arena,
          gauntlet_entry_generic, portal_ice_cave_entry_ice_simulacra,
          grunt_ministairs_1, nicolae_yredelemnul_corpse_copse
Lair:1:   layout_cave_shapes, infiniplex_staircase_pool, uniq_joseph,
          uniq_amaemon, uniq_erica, uniq_nergalle
Lair:2:   layout_chaotic_city, grunt_megastairs_2
Lair:3:   layout_gridlike, minmay_shoals_entry_centaurs,
          minmay_snake_entry_guardpost_large, grunt_megastairs_1
Lair:4:   layout_long_grid, slime_entry_1, ebering_ghost_inner_flame,
          hangedman_lair_generics_rect, serial_bayou_shore_b
Lair:5:   cheibrodos_lair_end_hotspot, layout_misc_corridors, st_stairs_12
Shoals:1: layout_shoals
Shoals:2: layout_shoals, nicolae_shoals_water_booths, uniq_donald
Shoals:3: layout_shoals, nicolae_shoals_siren_and_animal_friends
Shoals:4: shoals_end_hangedman, layout_shoals, serial_shops, bzr_entry_lakeside,
          uniq_nikola, uniq_polyphemus
Snake:1:  layout_concentric_octagons, st_stairs_13
Snake:2:  layout_rooms, minmay_shoptagon
Snake:3:  layout_cave_town, serial_shops, shop_fountains, uniq_aizul
Snake:4:  minmay_snake_end_coiled, layout_cave_pods,
          ebering_ghost_disaster_area, serial_nicolae_subway,
          nicolae_sub_station_metal, nicolae_sub_station_crystal,
          nicolae_sub_station_stone, serial_bayou_shore_b
Slime:1:  cheibrodos_slime_lost_civilization_3, layout_caves,
          cheibrodos_slime_lost_civilization_7
Slime:2:  layout_caves, basic_altar, dissolution_awaits
Slime:3:  layout_caves
Slime:4:  layout_caves
Slime:5
Orc:1:    layout_caves
Orc:2:    st_orc_rangers, layout_caves, lightli_church_of_beogh, uniq_jorgrun
Vaults:1: vaults_standard_mumra_lines, nicolae_vaults_network_barrier,
          nicolae_vaults_network_quinsquares
          [nicolae_vaults_network_quincunx_subvault,
          nicolae_vaults_network_quincunx_subvault,
          nicolae_vaults_network_quincunx_subvault,
          nicolae_vaults_network_quincunx_subvault], hangedman_vaults_slice,
          grunt_vaults_bifocal, v_misc_3, v_misc_29, layout_vaults_big_cross,
          serial_shops, nicolae_diamond_shop
Vaults:2: vaults_mumra_chevron_long, hangedman_vaults_slither,
          ontoclasm_vaults_misaligned, v_misc_1, hangedman_vaults_trim,
          nicolae_vaults_little_ls, nicolae_vaults_little_squares_5,
          nicolae_vaults_rhombus_5, v_alt_pattern_5, layout_vaults_chaotic_city,
          uniq_saint_roka
Vaults:3: v_rooms_3, grunt_vaults_funnel, hangedman_vaults_river_flow,
          serial_ice_h, vaults_room_pools, minmay_crypt_entry_simple_box,
          nicolae_vaults_halls_meeting, v_misc_23, grunt_vaults_swirl,
          hangedman_vaults_corner, ontoclasm_vaults_shuriken,
          nicolae_vaults_network_square, layout_vaults_maze
Vaults:4: v_misc_25, nicolae_vaults_ninety_degrees, v_alt_pattern_3,
          nicolae_vaults_asterisk, nicolae_vaults_yaktaur_gun_rack,
          layout_vaults_omnigrid

Skill      XL: |  1  2  3  4  5  6  7  8  9 10 11 12 13 14 15 16 17 18 19 |
---------------+----------------------------------------------------------+-----
Ranged Weapons | 4 5 6 7 8 10 11 12 14 15 16 18 20 21 22 | 22.0
Fighting       | 2 3 4 5 6 7 9 10 14 15 16 18 19 | 19.0
Dodging        | 2 3 4 6 8 11 13 14 15 | 15.1
Stealth        | 1 |  1.0
Evocations     | 1 2 3 8 9 10 11 | 11.0
Short Blades   | 1 |  1.0
Armour         | 1 2 3 5 6 7 8 9 11 12 13 | 13.0
Long Blades    | 3 |  3.9
Spellcasting   | 2 |  2.0

Action                   |  1- 3 |  4- 6 |  7- 9 | 10-12 | 13-15 | 16-18 | 19-21 || total
-------------------------+-------+-------+-------+-------+-------+-------+-------++-------
Melee: Short sword       |    21 |       |       |       |       |       |       ||    21
       Whip              |     2 |    26 |       |       |       |       |       ||    28
       Dagger            |       |    49 |    23 |       |       |       |       ||    72
       Punch             |       |     2 |     1 |       |       |       |       ||     3
       Falchion          |       |       |    35 |       |       |       |       ||    35
 Fire: Shortbow          |    81 |   121 |   222 |   286 |       |       |       ||   710
       Arbalest          |       |       |       |   402 |  1095 |  1065 |   150 ||  2712
Evoke: Wand              |       |     1 |     6 |     2 |    15 |     3 |     3 ||    30
       Box of beasts     |       |       |       |     1 |     4 |       |     1 ||     6
       Phial of floods   |       |       |       |     1 |     2 |     2 |       ||     5
       Tin of tremorston |       |       |       |       |     3 |     2 |     3 ||     8
       Condenser vane    |       |       |       |       |     1 |     1 |     2 ||     4
  Use: Scroll            |       |     6 |    13 |    21 |    19 |     8 |     3 ||    70
       Potion            |       |     1 |     4 |     3 |    16 |     6 |     4 ||    34
 Stab: Paralysed         |       |     4 |     2 |       |       |       |       ||     6
Armor: Leather armour    |    13 |    24 |     4 |       |       |       |       ||    41
       Ring mail         |       |       |    56 |    16 |       |       |       ||    72
       Scale mail        |       |       |       |   175 |   260 |    17 |       ||   452
       Ice dragon scales |       |       |       |       |       |    89 |    77 ||   166
Dodge: Dodged            |    42 |    69 |   108 |   554 |  1002 |   550 |   236 ||  2561
